 Dungeon Crawl Stone Soup version 0.27.1-16-g815e20cd7a (webtiles) character file.

Game seed: 1359416703825114551

6247 ces the Unseen (level 10, 0/49 HPs)
             Began as a Spriggan Brigand on Nov 23, 2021.
             Was an Initiate of Gozag.
             Slain by a killer bee (1 damage)
             ... on level 9 of the Dungeon.
             The game lasted 00:40:29 (15701 turns).

ces the Unseen (Spriggan Brigand)                  Turns: 15701, Time: 00:40:30

Health: 0/49       AC:  6    Str:  7    XL:     10   Next: 62%
Magic:  11/11      EV: 23    Int: 17    God:    Gozag
Gold:   881        SH:  0    Dex: 29    Spells: 9/9 levels left

rFire    . . .     SeeInvis +   b - +0 hand crossbow
rCold    . . .     Faith    .   (shield restricted)
rNeg     . . .     Spirit   .   F - +2 robe of Luukhlu {Int+4 Dex+3}
rPois    +         Reflect  .   B - +1 hat
rElec    .         Harm     .   c - +0 cloak
rCorr    .         Rampage  .   (gloves unavailable)
Will     +....                  (boots unavailable)
Stlth    +++++++...             h - amulet of magic regeneration
HPRegen  0.16/turn              y - +6 ring of dexterity
MPRegen  0.37/turn              r - ring of poison resistance

@: very quick
A: very small, no large weapons, unfitting armour, see invisible, speed 3
a: Renounce Religion, Potion Petition, Call Merchant, Bribe Branch


You were on level 9 of the Dungeon.
You worshipped Gozag.
Gozag was pleased with you.
You visited 2 branches of the dungeon, and saw 11 of its levels.

You collected 1289 gold pieces.
You spent 363 gold pieces at shops.
You paid 45 gold pieces to Gozag.

Inventory:

Hand Weapons
 a - a +3 spectral dagger
 b - a +0 hand crossbow (weapon)
Missiles
 d - 49 poisoned darts
 e - 2 curare-tipped darts
 f - 38 bolts (quivered ammo)
Armour
 c - a +0 cloak (worn)
 u - the +0 robe of Ilaomm {rElec rC- Dex-3 SInv}
   (You bought it in a shop on level 2 of the Dungeon)

   Dex:       It affects your dexterity (-3).
   rC:        It makes you vulnerable to cold.
   rElec:     It insulates you from electricity.
   SInv:      It lets you see invisible.
 B - a +1 hat (worn)
 F - the +2 robe of Luukhlu (worn) {Int+4 Dex+3}
   (You bought it in a shop on level 1 of the Dungeon)

   Int:       It affects your intelligence (+4).
   Dex:       It affects your dexterity (+3).
Jewellery
 h - an amulet of magic regeneration (around neck)
 m - a +6 ring of intelligence
 r - a ring of poison resistance (right hand)
 y - a +6 ring of dexterity (left hand)
 H - a ring of resist corrosion
Wands
 I - a wand of polymorph (3)
 J - a wand of acid (12)
Scrolls
 g - 2 scrolls of brand weapon
 i - 2 scrolls of magic mapping
 l - 6 scrolls of amnesia
 p - a scroll of silence {unknown}
 q - 2 scrolls of noise {unknown}
 s - a scroll of torment {unknown}
 t - a scroll of immolation {unknown}
 w - a scroll of enchant weapon
 x - a scroll of acquirement {unknown}
 z - a scroll of blinking {unknown}
 A - a scroll of enchant armour {unknown}
Potions
 j - 3 potions of berserk rage
 k - 3 potions of curing
 n - a potion of attraction {unknown}
 o - a potion of cancellation
 v - a potion of might
 C - a potion of haste {unknown}
 D - a potion of invisibility {unknown}
 E - a potion of brilliance {unknown}
 G - a potion of ambrosia


   Skills:
 + Level 3.3 Fighting
 + Level 5.7 Short Blades
 - Level 10.5 Crossbows
 - Level 2.0 Throwing
 + Level 5.4 Dodging
 + Level 15.2 Stealth
 - Level 0.2 Evocations


You had 9 spell levels left.
You didn't know any spells.
Your spell library contained the following spells:

 Spells                   Type           Power      Damage    Failure   Level
 Summon Small Mammal      Summ           0%         N/A       24%         1
 Passwall                 Tmut/Erth      0%         N/A       34%         2
 Sublimation of Blood     Necr           0%         N/A       34%         2
 Wereblood                Tmut           0%         N/A       34%         2
 Call Canine Familiar     Summ           0%         N/A       56%         3
 Frozen Ramparts          Ice            0%         1d2       56%         3
 Summon Guardian Golem    Hex/Summ       0%         N/A       56%         3
 Swiftness                Air            0%         N/A       56%         3
 Ice Form                 Ice/Tmut       0%         N/A       93%         4
 Summon Ice Beast         Ice/Summ       0%         N/A       93%         4
 Invisibility             Hex            0%         N/A       100%        6
 Summon Hydra             Summ           0%         N/A       100%        7


Dungeon Overview and Level Annotations

Branches:
Dungeon (10/15)            Temple (1/1) D:4
   Lair: D:8-11         Orc: D:9-12

Altars:
Ashenzari
Cheibriados
Dithmenos
Elyvilon
Fedhas
Gozag
Hepliaklqana
Kikubaaqudgha
Makhleb
Nemelex Xobeh
Okawaru
Qazlal
Ru
Sif Muna
Trog
Uskayaw
Vehumet
Wu Jian
Xom
Yredelemnul
Zin
The Shining One
Beogh

Shops:
D:1 [   D:2 *:[

Annotations:
D:6 2 transporters, Menkaure; ddubois's ghost, novice SpDe


Innate Abilities, Weirdness & Mutations

You are very small and have problems with some larger weapons.
You are too small for most types of armour.
You have supernaturally acute eyesight. (SInv)
You cover ground extremely quickly. (Speed+++)


Message History

The orc wizard is severely wounded.
The orc wizard gestures wildly while chanting.
The orc wizard flickers and vanishes for a moment.
You shoot a bolt.
The bolt hits the killer bee but does no damage.
The orc wizard points at you and mumbles some strange words.
The puff of flame hits you!
You shoot a bolt. The bolt hits the killer bee!
The killer bee is heavily wounded.
The killer bee misses you.
You shoot a bolt.
The bolt hits the killer bee but does no damage.
The killer bee is heavily wounded.
The killer bee barely misses you. x2
You shoot a bolt. The orc priest shouts!
The bolt hits the killer bee but does no damage.
The killer bee is heavily wounded.
The killer bee completely misses you. The killer bee closely misses you.
You shoot a bolt. The bolt hits the killer bee.
The killer bee is severely wounded.
The killer bee stings you. The killer bee completely misses you.
You shoot a bolt. The bolt hits the killer bee.
The killer bee is almost dead.
The killer bee stings you!
The orc priest mumbles some strange prayers to Beogh against you.
Beogh smites you! The steam dragon barely misses you.
The steam dragon completely misses you. The killer bee stings you.
* * * LOW HITPOINT WARNING * * *
You feel better. The killer bee completely misses you.
The orc priest calls down the wrath of Beogh upon you.
Beogh smites you!
* * * LOW HITPOINT WARNING * * *
The steam dragon bites you!
* * * LOW HITPOINT WARNING * * *
The steam dragon completely misses you.
The orc wizard hits you but does no damage.
The killer bee stings you.
You die...
Your body crumbles into a pile of gold.

...............§≈§≈§..........
..............§≈≈≈≈≈..........
...............§§≈≈...........
..............................
..............................
..............................
.........>....................
............D..[..............
.......(y@................
.....(...o...§.§..........
............≈§§.§.........
...........≈≈≈§≈§.........
...........§≈≈≈≈§.........
§§.....o...≈≈§≈≈.(........
§§§....!....≈≈≈...........
§§≈≈.....$...(............
≈≈≈§......................


You could see a steam dragon, a killer bee, an orc priest and an orc wizard
(invisible).

Vanquished Creatures
  A two-headed ogre (D:10)
  Pikel (D:8)
  The ghost of Icepheonix32 the Insei, a novice DsTm of Uskayaw (D:8)
  Joseph (D:8)
  Maggie (D:10)
  Psyche (D:8)
  A wyvern (D:10)
  3 water moccasins
  4 orc warriors (D:8)
  An ice beast (D:6)
  3 black bears
  2 necrophages
  An ogre (D:4)
  2 centaurs (D:7)
  A phantom (D:6)
  3 kobold brigands
  2 lemures (D:8)
  A scorpion (D:7)
  A gnoll sergeant (D:8)
  2 bullfrogs
  A wyvern skeleton (D:4)
  3 killer bees
  A water moccasin skeleton (D:6)
  3 wights (D:8)
  3 centaur zombies
  10 howler monkeys
  2 lava snakes (D:9)
  2 jellies
  2 orc priests
  2 hounds
  A bullfrog skeleton (D:6)
  A centaur skeleton (D:4)
  7 iguanas
  Terence (D:3)
  4 orc wizards
  A killer bee zombie (D:8)
  A howler monkey zombie (D:8)
  Robin (D:2)
  8 gnolls
  A howler monkey skeleton (D:7)
  5 adders
  2 white imps
  3 ufetubi
  An adder skeleton (D:4)
  27 orcs
  8 bats
  6 endoplasms
  2 giant cockroaches
  12 goblins
  12 hobgoblins
  2 jackals (D:5)
  3 quokkas
  7 ball pythons
  A frilled lizard (D:1)
  26 kobolds
  5 rats
210 creatures vanquished.

Vanquished Creatures (others)
  A plant (D:2)
1 creature vanquished.

Grand Total: 211 creatures vanquished

Notes
Turn   | Place    | Note
-------+----------+-------------------------------------------
     0 | D:1      | ces the Spriggan Brigand began the quest for the Orb.
     0 | D:1      | Reached XP level 1. HP: 10/10 MP: 2/2
    94 | D:1      | Reached skill level 6 in Stealth
   155 | D:1      | Reached XP level 2. HP: 13/15 MP: 3/3
   407 | D:1      | Reached skill level 7 in Stealth
   881 | D:1      | Reached XP level 3. HP: 18/18 MP: 4/4
  1215 | D:1      | Found Zilyxte's Antique Armour Shop.
  1335 | D:2      | Found Zaegia Voink's Assorted Antiques.
  1464 | D:2      | Found Hoezo's Book Boutique.
  2157 | D:2      | Found Tiorex's Antique Armour Shoppe.
  2364 | D:3      | Noticed Terence
  2367 | D:3      | Killed Terence
  2368 | D:3      | Reached skill level 8 in Stealth
  2368 | D:3      | Reached XP level 4. HP: 23/23 MP: 5/5
  2789 | D:3      | Noticed Robin
  3019 | D:2      | Bought a faintly humming robe for 108 gold pieces
  3019 | D:2      | Identified the +0 robe of Ilaomm {rElec rC- Dex-3 SInv}
                  | (You bought it in a shop on level 2 of the Dungeon)
  3072 | D:2      | Killed Robin
  3831 | D:4      | Noticed a necrophage
  3834 | D:4      | Killed a necrophage
  3835 | D:4      | Reached skill level 9 in Stealth
  3835 | D:4      | Reached XP level 5. HP: 26/26 MP: 6/6
  3836 | D:4      | Noticed an ogre
  4241 | D:4      | Found a staircase to the Ecumenical Temple.
  4241 | D:4      | Noticed a black bear
  4473 | D:4      | Reached XP level 6. HP: 30/30 MP: 7/7
  4510 | D:4      | Reached skill level 10 in Stealth
  4622 | Temple   | Entered the Ecumenical Temple
  5078 | Temple   | Became a worshipper of Gozag Ym Sagoz the Greedy
  5145 | D:4      | Reached skill level 11 in Stealth
  5145 | D:4      | Reached XP level 7. HP: 26/35 MP: 8/8
  5974 | D:5      | Entered Level 5 of the Dungeon
  6628 | D:5      | Reached skill level 12 in Stealth
  7429 | D:6      | Found a transporter.
  7433 | D:6      | Found a transporter.
  7439 | D:6      | Reached XP level 8. HP: 39/39 MP: 9/9
  7495 | D:6      | Found a runed translucent gate.
  7497 | D:6      | Found a runed translucent gate.
  7497 | D:6      | Noticed ddubois's ghost (novice SpDe)
  7498 | D:6      | Found a runed translucent gate.
  7819 | D:6      | Reached skill level 13 in Stealth
  7907 | D:6      | Found a basalt altar of Yredelemnul.
  7909 | D:6      | Noticed Menkaure
  7915 | D:6      | Found an ancient bone altar of Kikubaaqudgha.
  8517 | D:1      | Bought a twisted robe for 153 gold pieces
  8517 | D:1      | Identified the +2 robe of Luukhlu {Int+4 Dex+3} (You bought
                  | it in a shop on level 1 of the Dungeon)
  8599 | D:2      | Bought a scroll labelled ZYTAEW ZEB WOC for 27 gold pieces
  8599 | D:2      | Bought a scroll labelled NISMULL FUADGHE for 27 gold pieces
  8599 | D:2      | Bought 2 metallic cyan potions for 48 gold pieces
  9217 | D:7      | Reached skill level 14 in Stealth
  9503 | D:7      | Reached skill level 5 in Short Blades
  9894 | D:7      | Reached skill level 1 in Crossbows
 10122 | D:7      | Found a snail-covered altar of Cheibriados.
 10162 | D:7      | Reached XP level 9. HP: 39/43 MP: 10/10
 11298 | D:8      | Found a runed translucent gate.
 11298 | D:8      | Found a runed translucent gate.
 11300 | D:8      | Found a runed translucent gate.
 11301 | D:8      | Noticed Icepheonix32's ghost (novice DsTm)
 11320 | D:8      | Noticed Joseph
 11326 | D:8      | Reached skill level 5 in Crossbows
 11327 | D:8      | Killed Joseph
 11530 | D:8      | Noticed Psyche
 11537 | D:8      | Killed Psyche
 11598 | D:8      | Noticed Pikel
 11604 | D:8      | Killed Pikel
 11813 | D:8      | Found a blossoming altar of Fedhas.
 11997 | D:8      | HP: 2/43 [gnoll sergeant (5)]
 12326 | D:8      | Killed Icepheonix32's ghost
 12327 | D:8      | Reached XP level 10. HP: 33/48 MP: 11/11
 14116 | D:10     | Entered Level 10 of the Dungeon
 14119 | D:10     | Reached skill level 10 in Crossbows
 14506 | D:10     | Noticed Maggie
 14511 | D:10     | Killed Maggie
 14595 | D:10     | Noticed a skeletal warrior
 14595 | D:10     | Noticed a skeletal warrior
 14595 | D:10     | Noticed a skeletal warrior
 15386 | D:10     | Noticed a two-headed ogre
 15439 | D:10     | Killed a two-headed ogre
 15440 | D:10     | Reached skill level 5 in Dodging
 15440 | D:10     | Reached skill level 15 in Stealth
 15701 | D:9      | HP: 1/49 [steam dragon (7)]
 15701 | D:9      | Slain by a killer bee

Illustrated notes

Levels and vault maps discovered:
D:1:      eino_arrival_cavern_e, layout_loops_corners, serial_shops, shop,
          minmay_misc_feat_square
D:2:      layout_loops_corners, serial_shops, shop_coins, shop,
          nicolae_shop_overgrown_old_shop, minmay_hedge_maze,
          chequers_serial_rivers_room_b
D:3:      layout_basic, grunt_decor_arrowhead, uniq_robin, uniq_terence
D:4:      layout_basic, minmay_temple_entry_hall, serial_rivers,
          chequers_serial_rivers_micro_d, chequers_serial_rivers_room_a,
          chequers_serial_rivers_micro_b, chequers_serial_rivers_small_a,
          chequers_serial_rivers_room_a, hangedman_glass_teeth
D:5:      layout_loops_ring, kennysheep_generic_room_6
D:6:      layout_loops_cross, gammafunk_temple_of_torment,
          gammafunk_ghost_split, chequers_decorated_corner,
          minmay_misc_feat_four_crosses, chequers_hall_statues_corner_a
D:7:      layout_rooms, mainiacjoe_overflow_brackets, grunt_ministairs_15
D:8:      layout_basic, fedhas_altar_fruit_tree, biasface_ghost_orc_armoury,
          uniq_psyche, uniq_pikel, uniq_joseph
D:9:      layout_big_octagon, uniq_gastronok
D:10:     layout_grid_maze, uniq_maggie
Temple:   regret_index_temple_mists

Skill      XL: |  1  2  3  4  5  6  7  8  9 10 |
---------------+-------------------------------+-----
Stealth        | 6 7 8 9 11 12 14 15 | 15.2
Fighting       | 2 3 |  3.3
Dodging        | 2 3 4 5 |  5.4
Short Blades   | 3 4 5 |  5.7
Crossbows      | 2 9 10 | 10.5
Throwing       | |  2.0
Evocations     | |  0.2

Action                   |  1- 3 |  4- 6 |  7- 9 | 10-12 || total
-------------------------+-------+-------+-------+-------++-------
Melee: Dagger            |   121 |    78 |   256 |    76 ||   531
 Fire: Hand crossbow     |       |       |       |    51 ||    51
Throw: Dart              |     9 |    42 |    65 |    83 ||   199
Evoke: Wand              |       |       |    12 |       ||    12
  Use: Scroll            |     1 |     2 |     8 |     1 ||    12
       Potion            |       |     1 |     3 |     3 ||     7
 Stab: Sleeping          |    21 |     5 |    33 |     5 ||    64
       Distracted        |       |     2 |     7 |     1 ||    10
Armor: Robe              |    10 |     7 |    22 |    15 ||    54
Dodge: Dodged            |    92 |    74 |   190 |   112 ||   468
